 Dungeon Crawl Stone Soup version 0.30-a0-857-gcaf70739d4 (webtiles) character file.

Game seed: 11660149466523079984

4186 holysushi the Skirmisher (level 10, 0/63 (71) HPs)
             Began as a Demonspawn Necromancer on Mar 6, 2023.
             Was a Believer of Kikubaaqudgha.
             Slain by a yak (3 damage)
             ... on level 8 of the Dungeon.
             The game lasted 00:22:29 (10222 turns).

holysushi the Skirmisher (Demonspawn Necromancer)  Turns: 10222, Time: 00:22:30

HP:   0/63 (71)     AC:  8    Str:  8    XL:     10   Next: 8%
MP:   13/15         EV: 14    Int: 20    God:    Kikubaaqudgha [**....]
Gold: 290           SH:  0    Dex: 15    Spells: 6/16 levels left

rFire   + . .      SeeInvis .    a - +1 triple crossbow (flame)
rCold   + . .      Faith    .    (shield currently unavailable)
rNeg    . . .      Spirit   .    g - +2 robe {rC+ rF+}
rPois   .          Reflect  .    (no helmet)
rElec   .          Rampage  .    x - +0 cloak
rCorr   .                        l - +0 pair of gloves
Will    .....                    (no boots)
Stlth   ++                       (no amulet)
HPRegen 0.30/turn                (no ring)
MPRegen 0.28/turn                (no ring)

@: animating dead, heavily drained
A: icy blue scales 1, demonic guardian 3, magic regeneration, weakness stinger 1
a: Renounce Religion, Unearth Wretches


You were on level 8 of the Dungeon.
You worshipped Kikubaaqudgha.
Kikubaaqudgha was pleased with you.
You visited 1 branch of the dungeon, and saw 8 of its levels.
You also visited: Ossuary.

You collected 481 gold pieces.
You spent 191 gold pieces at shops.

Inventory:

Hand Weapons
 a - a +1 triple crossbow of flaming (weapon)
 b - a +0 short sword of draining
 d - a +0 heavy rapier
Missiles
 o - a throwing net
Armour
 e - an orb of energy
 g - a +2 robe of resistance (worn)
 l - a +0 pair of gloves (worn)
 m - a +1 robe
 x - a +0 cloak (worn)
Wands
 h - a wand of digging (7)
 s - a wand of mindburst (9)
Scrolls
 j - 2 scrolls of enchant armour
 n - 3 scrolls of identify
 q - a scroll of teleportation
 r - 2 scrolls of immolation
Potions
 c - 8 potions of curing
 f - 4 potions of attraction
 i - 4 potions of haste
 k - 2 potions of cancellation
 p - a potion of magic
 t - 3 potions of flight
 u - a potion of heal wounds
 v - a potion of brilliance
 w - a potion of lignification {unknown}


   Skills:
 - Level 4.0 Fighting
 + Level 10.2 Ranged Weapons
 + Level 5.6 Dodging
 - Level 1.9 Stealth
 - Level 3.5 Spellcasting
 - Level 7.0 Necromancy


You had 6 spell levels left.
You knew the following spells:

 Your Spells              Type           Power      Damage    Failure   Level
a - Necrotise             Necr           100%       1d9       1%          1
b - Vampiric Draining     Necr           31%        2d8       2%          3
c - Cigotuvi's Dreadful   Necr/Pois/Air  24%        N/A       8%          2
d - Animate Dead          Necr           31%        N/A       8%          4

Your spell library contained the following spells:

 Spells                   Type           Power      Damage    Failure   Level
 Sublimation of Blood     Necr           31%        N/A       1%          2
 Kiss of Death            Conj/Necr      68%        2d10      3%          1
 Blink                    Tloc           6%         N/A       21%         2
 Static Discharge         Conj/Air       6%         2-3/arc   21%         2
 Agony                    Necr           31%        N/A       21%         5
 Vhi's Electric Charge    Tloc/Air       6%         N/A       38%         3
 Manifold Assault         Tloc           3%         N/A       80%         4
 Passage of Golubria      Tloc           3%         N/A       80%         4
 Petrify                  Tmut/Erth      3%         N/A       80%         4
 Arcjolt                  Conj/Air       1%         1d11      98%         5
 Irradiate                Conj/Tmut      1%         3d12      98%         5
 Lightning Bolt           Conj/Air       1%         1d12      98%         5
 Silence                  Hex/Air        1%         N/A       98%         5
 Storm Form               Tmut/Air       1%         N/A       100%        7
 Lehudib's Crystal Spear  Conj/Erth      1%         10d2      100%        8
 Chain Lightning          Conj/Air       1%         3d2       100%        9
 Fire Storm               Conj/Fire      1%         8d1       100%        9
 Shatter                  Erth           1%         3d6*      100%        9


Dungeon Overview and Level Annotations

Branches:
Dungeon (8/15) Zot: 26638  Temple (0/1) D:5         Ossuary (visited)
   Lair: D:8-11

Altars:
Ashenzari
Hepliaklqana
Kikubaaqudgha
Okawaru
Ru
Sif Muna
Uskayaw
Wu Jian
Xom

Shops:
D:3 *   D:5 (

Annotations:
D:3 exclusion: door


Innate Abilities, Weirdness & Mutations

You are partially covered in icy blue scales. (AC +2)
A powerful demonic guardian rushes to your aid.
You regenerate magic rapidly.
You have a small tail.


Message History

The yak misses you.
The hornet stings you but does no damage.
Aiming: Mindburst
Press: ? - help, Shift-Dir - straight line, f/p - hornet
Aim: a hornet (moderately wounded, chance to affect: 55%)
The hornet's mind is blasted!!
The yak gores you! The hornet misses you. The yak misses you.
The hornet closely misses you.
Aiming: Mindburst
Press: ? - help, Shift-Dir - straight line, f/p - hornet
Aim: a hornet (almost dead, chance to affect: 55%)
The hornet's mind is blasted!
You blow up the hornet!
Kikubaaqudgha accepts your kill. The yak gores you.
The yak gores you but does no damage. The yak attacks as you move away!
The yak gores you!
* * * LOW HITPOINT WARNING * * *
The yak gores you.
* * * LOW HITPOINT WARNING * * *
A demonic guardian appears!
The yak completely misses you.
You swap places.
The yak gores your smoke demon. The yak gores you but does no damage.
The yak gores your smoke demon.
Your smoke demon barely misses the yak.
Your smoke demon closely misses the yak.
Your smoke demon barely misses the yak.
The yak attacks as you move away! The yak gores you.
* * * LOW HITPOINT WARNING * * *
The yak attacks as you move away! The yak closely misses you.
You feel yourself speed up. The yak gores your smoke demon!
Your smoke demon gestures at the yak.
The yak is smitten.
The yak misses you. x2
Your smoke demon gestures at the yak.
The sticky flame misses the yak.
You feel much better. The yak gores you!
* * * LOW HITPOINT WARNING * * *
The yak gores you!
* * * LOW HITPOINT WARNING * * *
The yak gores you.
You die...
Kikubaaqudgha rasps: "You have failed me!
Welcome... death!"

.......# #### .#.#
....##.# ...#.#.#
.#####.### #.....#
.........## ###..#######
.####.##..## #..........#
. #.###..###.......>..#
.# #..<..†...3.Y.......#
..#######.).)..YY.......#
#.).......####.Y@.......#
###.#####...#...........#
.....# ###.............#
####.# ###.#.........#
###.###### #.#.........#
#........# #.##.########
#........# #.##...#
#........###.####.##
...#########..# #..####


You could see 4 yaks and a friendly smoke demon (summoned).

Vanquished Creatures
  A hornet (D:8)
  2 yaks (D:8)
  A steam dragon (D:6)
  A water moccasin (D:8)
  A hornet zombie (Ossuary)
  2 orc warriors
  A black bear (D:6)
  An ogre (D:7)
  3 centaurs (D:7)
  2 bullfrogs
  2 scorpions
  A water moccasin zombie (Ossuary)
  3 centaur zombies (Ossuary)
  3 jellies
  7 bullfrog zombies (Ossuary)
  7 orc priests
  3 hounds
  14 mummies (Ossuary)
  4 iguanas
  3 sleepcaps
  5 orc wizards
  4 killer bee zombies (Ossuary)
  A howler monkey zombie (Ossuary)
  3 gnolls (D:3)
  4 adders
  2 ufetubi (D:6)
  3 worms (D:2)
  3 dart slugs
  30 orcs
  7 endoplasms
  A giant cockroach (D:1)
  7 goblins
  3 hobgoblins
  A jackal (D:1)
  8 kobolds
  2 quokkas
  3 training dummies (D:5)
  5 ball pythons
  9 bats
  2 frilled lizards
  5 rats
170 creatures vanquished.

Vanquished Creatures (collateral kills)
  Pikel (D:4)
  A water moccasin (D:6)
  A sky beast (D:7)
  A centaur (D:6)
  A lemure (D:4)
  2 phantoms
  A hound (D:5)
  2 orc priests (D:6)
  A dart slug (D:2)
  An orc (D:6)
  A bat (D:1)
  An endoplasm (D:2)
  A giant cockroach (D:1)
  A frilled lizard (D:2)
  A rat (D:1)
17 creatures vanquished.

Vanquished Creatures (others)
  6 withered plants (Ossuary)
6 creatures vanquished.

Grand Total: 193 creatures vanquished

Notes
Turn   | Place    | Note
-------+----------+-------------------------------------------
     0 | D:1      | holysushi the Demonspawn Necromancer began the quest for
                  | the Orb.
     0 | D:1      | Reached XP level 1. HP: 13/13 MP: 3/3
   197 | D:1      | Gained mutation: A weak demonic guardian rushes to your
                  | aid. [demonic ancestry]
   197 | D:1      | Reached XP level 2. HP: 19/19 MP: 0/5
   727 | D:2      | Gained mutation: You have a small tail. [demonic ancestry]
   727 | D:2      | Reached XP level 3. HP: 24/24 MP: 7/7
   782 | D:2      | Learned a level 3 spell: Vampiric Draining
  1658 | D:3      | Reached XP level 4. HP: 30/30 MP: 9/9
  1691 | D:3      | Reached skill level 5 in Necromancy
  2051 | D:3      | Found a hazy altar of Hepliaklqana.
  2248 | D:3      | Found Vep Vydu's General Store.
  2269 | D:3      | Bought a scroll of teleportation for 39 gold pieces
  2269 | D:3      | Bought a scroll of immolation for 52 gold pieces
  2523 | D:3      | Reached XP level 5. HP: 33/35 MP: 3/10
  2761 | D:4      | Noticed a phantom
  3512 | D:4      | Found an ancient bone altar of Kikubaaqudgha.
  3522 | D:4      | Became a worshipper of Kikubaaqudgha
  3554 | D:4      | Killed a phantom
  3555 | D:4      | Gained mutation: You are partially covered in icy blue
                  | scales. (AC +2) [demonic ancestry]
  3555 | D:4      | Reached XP level 6. HP: 5/41 MP: 11/11
  4114 | D:5      | Entered Level 5 of the Dungeon
  4292 | D:5      | Learned a level 4 spell: Animate Dead
  4447 | D:5      | Found a staircase to the Ecumenical Temple.
  4496 | D:5      | Found Xawucae's Firing Range.
  4506 | D:5      | Bought a +0 triple crossbow for 100 gold pieces
  4838 | D:5      | Noticed Pikel
  5041 | D:5      | Noticed an orc warrior
  5044 | D:5      | Killed an orc warrior
  5045 | D:5      | Reached skill level 2 in Ranged Weapons
  5045 | D:5      | Gained mutation: A demonic guardian rushes to your aid.
                  | [demonic ancestry]
  5045 | D:5      | Reached XP level 7. HP: 46/46 MP: 10/12
  5079 | D:4      | Killed Pikel
  5080 | D:4      | Reached skill level 5 in Ranged Weapons
  5239 | D:5      | Reached XP level 8. HP: 52/52 MP: 4/13
  6113 | D:6      | Found a sand-covered staircase.
  6120 | Ossuary  | Entered an ossuary
  6173 | Ossuary  | Reached skill level 6 in Ranged Weapons
  6274 | Ossuary  | Reached skill level 1 in Fighting
  6413 | Ossuary  | Reached skill level 7 in Ranged Weapons
  6475 | Ossuary  | Reached * piety under Kikubaaqudgha
  6475 | Ossuary  | Received a gift from Kikubaaqudgha
  6479 | Ossuary  | Learned a level 2 spell: Cigotuvi's Dreadful Rot
  7699 | D:6      | Found a sacrificial altar of Ru.
  7702 | D:6      | Found an ornate altar of the Wu Jian Council.
  7720 | D:6      | Found a hide-covered altar of Uskayaw.
  7755 | D:6      | Reached skill level 8 in Ranged Weapons
  7795 | D:6      | Gained mutation: A powerful demonic guardian rushes to your
                  | aid. [demonic ancestry]
  7795 | D:6      | Reached XP level 9. HP: 57/63 MP: 14/14
  8072 | D:6      | Found a shimmering altar of Xom.
  8350 | D:6      | Reached skill level 9 in Ranged Weapons
  8587 | D:6      | Reached ** piety under Kikubaaqudgha
  8843 | D:6      | Found a shimmering blue altar of Sif Muna.
  8939 | D:7      | Found an iron altar of Okawaru.
  9913 | D:8      | Reached skill level 10 in Ranged Weapons
  9913 | D:8      | Reached skill level 5 in Dodging
  9930 | D:8      | Found a broken altar of Ashenzari.
 10111 | D:8      | Gained mutation: You regenerate magic rapidly. [demonic
                  | ancestry]
 10111 | D:8      | Reached XP level 10. HP: 70/71 MP: 15/15
 10213 | D:8      | Paralysed by a hornet for 3 turns
 10221 | D:8      | HP: 3/63 [yak (6)]
 10222 | D:8      | Slain by a yak

Illustrated notes

Levels and vault maps discovered:
D:1:      lemuel_arrival_hallway, layout_basic, minivault_11, minmay_cut_off
D:2:      layout_loops_cross
D:3:      layout_loops_cross, nicolae_hepliaklqana_monster_ancestors,
          serial_shops, nicolae_shop_trees
D:4:      layout_cave_pods, mainiacjoe_overflow_boulevard
D:5:      layout_basic, minmay_temple_entry_glassed_door, grunt_ministairs_6,
          chequers_serial_rivers_small_3, nicolae_shop_firing_range, uniq_pikel
D:6:      nicolae_cairo_tiling, layout_loops_ring, led_sif_pool,
          xom_butterflies, grunt_temple_overflow_cloverleaf,
          chequers_ossuary_entry_cave, kennysheep_generic_room_11
D:7:      layout_basic, hellmonk_okawaru_the_only_friend_you_need,
          minmay_misc_feat_room
D:8:      layout_rooms, grunt_ashenzari_visionary
          [grunt_ashenzari_visionary_swamp, grunt_ashenzari_visionary_spider],
          uniq_grum

Skill      XL: |  1  2  3  4  5  6  7  8  9 |
---------------+----------------------------+-----
Spellcasting   | 3 |  3.5
Necromancy     | 5 6 7 |  7.0
Dodging        | 3 5 |  5.6
Ranged Weapons | 2 5 8 10 | 10.2
Fighting       | 3 4 |  4.0
Stealth        | |  1.9

Action                     |  1- 3 |  4- 6 |  7- 9 | 10-12 || total
---------------------------+-------+-------+-------+-------++-------
  Melee: Unarmed           |    23 |       |       |       ||    23
         Short sword       |    28 |   101 |    11 |       ||   140
         Tailslap          |     1 |    13 |     2 |       ||    16
         Triple crossbow   |       |       |     1 |       ||     1
   Fire: Triple crossbow   |       |     9 |   208 |    15 ||   232
   Cast: Necrotise         |    53 |    48 |     3 |       ||   104
         Vampiric Draining |       |    11 |    18 |       ||    29
         Cigotuvi's Dreadf |       |       |       |     2 ||     2
         Animate Dead      |       |       |       |     1 ||     1
  Evoke: Wand              |       |       |     6 |     4 ||    10
    Use: Potion            |     1 |       |     4 |     1 ||     6
         Scroll            |       |    12 |    11 |       ||    23
   Stab: Sleeping          |     4 |     5 |       |       ||     9
 Armour: Robe              |    17 |    27 |    73 |     5 ||   122
  Dodge: Dodged            |    55 |    78 |   102 |    10 ||   245

Table legend: (Time is in decaauts)
 A = Elapsed time spent in this place.
 B = Non-inter-level travel time spent in this place.
 C = Inter-level travel time spent in this place.
 D = Time resting spent in this place.
 E = Time spent auto-exploring this place.
 F = Levels seen in this place.
 G = Mean time per level.
                   A        B        C        D        E       F      G
               +--------+--------+--------+--------+--------+-----+--------+
         Total |  10470 |  10151 |    319 |   3471 |   4616 |   9 | 1163.3 |
       Dungeon |   8889 |   8570 |    319 |   2233 |   4508 |   8 | 1111.1 |
       Ossuary |   1580 |   1580 |      0 |   1237 |    108 |   1 | 1580.0 |
               +--------+--------+--------+--------+--------+-----+--------+

Top non-repeatable levels by time:
     D:4: 1707 daAuts
 Ossuary: 1580 daAuts
     D:5: 1428 daAuts
     D:6: 1353 daAuts
     D:3: 1327 daAuts
     D:7: 1056 daAuts
     D:2: 973 daAuts
     D:1: 681 daAuts
     D:8: 361 daAuts
